[Event "FIDE World Cadets U8 2022"]
[Site "Batumi"]
[Date "2022.09.17"]
[Round "2.36"]
[White "Jakhria, Kushal"]
[Black "Avyaay Garg"]
[Result "1-0"]
[ECO "D45"]
[WhiteElo "1823"]
[BlackElo "1275"]
[Annotator "NA COMBH"]
[PlyCount "71"]
[EventDate "2022.09.16"]
[EventType "swiss"]
[EventCountry "GEO"]
[SourceTitle "playchess.com"]
[Source "ChessBase"]
[SourceQuality "1"]
[TimeControl "5400+30"]

1. d4 d5 2. c4 c6 3. Nc3 e6 4. e3 Nf6 5. Nf3 Nbd7 6. Be2 Bd6 7. O-O O-O 8. b3 b6 9. Bb2 Bb7 10. Bd3 dxc4 11. bxc4 h6 12. e4 Nh7 13. e5 Bc7 14. Qc2 f5 15. Rfe1 Ng5 16. Nh4 Qe8 17. f4 Nh7 18. d5 g5 19. dxe6 gxh4 20. Bxf5 Ndf6 21. exf6 Nxf6 22. e7 Rf7 23. Be6 Qxe7 24. Qg6+ Kf8 25. Qxh6+ Rg7 26. Qh8+ Ng8 27. Bxg8 Rxg8 28. Qxg8+ Kxg8 29. Rxe7 Rc8 30. Rd1 b5 31. Rdd7 Bb6+ 32. Kf1 Ba6 33. Ne4 Rf8 34. Rg7+ Kh8 35. Rh7+ Kg8 36. Rh8# 1-0

[Event "FIDE World Cadets U8 2022"]
[Site "Batumi"]
[Date "2022.09.17"]
[Round "2.38"]
[White "Shogdzhiev, Roman Sav"]
[Black "Faramarzi Garousi, Maartia"]
[Result "1-0"]
[ECO "C54"]
[WhiteElo "1715"]
[BlackElo "1267"]
[Annotator "NA COMBH"]
[PlyCount "111"]
[EventDate "2022.09.16"]
[EventType "swiss"]
[EventCountry "GEO"]
[SourceTitle "playchess.com"]
[Source "ChessBase"]
[SourceQuality "1"]
[TimeControl "5400+30"]

1. e4 e5 2. Nf3 Nc6 3. Bc4 Bc5 4. c3 Nf6 5. d4 exd4 6. e5 d5 7. Bb5 Ne4 8. cxd4 Bb6 9. Nc3 Bf5 10. Be3 O-O 11. O-O a6 12. Bxc6 bxc6 13. Rc1 Qd7 14. Qe2 Ba5 15. Nh4 Nxc3 16. bxc3 Bg4 17. f3 Be6 18. f4 Bg4 19. Qd3 Qe7 20. Bf2 Bd7 21. Be1 Rfb8 22. Nf5 Bxf5 23. Qxf5 Rb2 24. Qg4 Re8 25. Bh4 Qf8 26. Rf3 c5 27. Bf6 Kh8 28. Bh4 Bb6 29. Bf2 Rxa2 30. f5 a5 31. f6 g6 32. h4 h5 33. Qf4 Kh7 34. Be3 a4 35. g4 hxg4 36. Qxg4 cxd4 37. cxd4 Re2 38. Rh3 Rxe3 39. Rxe3 Qh6 40. Rce1 Ba5 41. R1e2 Rb8 42. Qd7 Rb1+ 43. Kg2 Qf8 44. e6 Rb8 45. Qxf7+ Qxf7 46. exf7 Bb4 47. Re8 Rb6 48. R2e7 Bxe7 49. Rxe7 Rb2+ 50. Kg3 Rb3+ 51. Kg4 Rg3+ 52. Kxg3 Kh6 53. f8=Q+ Kh5 54. Re5+ g5 55. Qf7+ Kh6 56. hxg5# 1-0

[Event "FIDE World Cadets U8 2022"]
[Site "Batumi"]
[Date "2022.09.17"]
[Round "2.39"]
[White "Eshpulatov, Islombek"]
[Black "Annapureddy, Rheyansh Reddy"]
[Result "0-1"]
[ECO "B35"]
[WhiteElo "1274"]
[BlackElo "1698"]
[Annotator "NA COMBH"]
[PlyCount "40"]
[EventDate "2022.09.16"]
[EventType "swiss"]
[EventCountry "GEO"]
[SourceTitle "playchess.com"]
[Source "ChessBase"]
[SourceQuality "1"]
[TimeControl "5400+30"]

1. e4 c5 2. Nc3 g6 3. Nge2 Nc6 4. d4 cxd4 5. Nxd4 Bg7 6. Be3 Nf6 7. f3 O-O 8. Bc4 Qb6 9. Bb3 Nxe4 10. fxe4 Bxd4 11. Na4 Qa5+ 12. Bd2 Qc7 13. Qf3 d6 14. O-O-O Bg7 15. Rdf1 Ne5 16. Qg3 Be6 17. Bxe6 fxe6 18. h4 Rxf1+ 19. Rxf1 Qc4 20. Rh1 Qxa4 0-1

[Event "FIDE World Cadets U8 2022"]
[Site "Batumi"]
[Date "2022.09.17"]
[Round "2.40"]
[White "Xia, Joshua"]
[Black "Jani, Aakash"]
[Result "0-1"]
[ECO "C78"]
[WhiteElo "1673"]
[BlackElo "1249"]
[Annotator "NA COMBH"]
[PlyCount "125"]
[EventDate "2022.09.16"]
[EventType "swiss"]
[EventCountry "GEO"]
[SourceTitle "playchess.com"]
[Source "ChessBase"]
[SourceQuality "1"]
[TimeControl "5400+30"]

1. e4 e5 2. Nf3 Nc6 3. Bb5 a6 4. Ba4 b5 5. Bb3 Bc5 6. c3 Nf6 7. O-O d6 8. d4 Bb6 9. Be3 Bb7 10. a4 O-O 11. Nbd2 Re8 12. Bc2 h6 13. d5 Ne7 14. Bxb6 cxb6 15. axb5 axb5 16. Qe2 b4 17. cxb4 Ng6 18. Qb5 Qc7 19. Bd3 Nf4 20. g3 Nxd3 21. Qxd3 Qc8 22. Rfc1 Rxa1 23. Rxa1 Qc7 24. Kg2 Rc8 25. Qb5 Nd7 26. Ra7 Nf8 27. Nb3 Ng6 28. Na5 bxa5 29. Rxb7 Qc2 30. bxa5 Qxe4 31. Rb8 Rxb8 32. Qxb8+ Kh7 33. Qxd6 h5 34. a6 h4 35. Qd7 f5 36. a7 h3+ 37. Kf1 Qxf3 38. Qa4 Qd3+ 39. Ke1 Qb1+ 40. Kd2 Qxb2+ 41. Kd3 e4+ 42. Kc4 Ne5+ 43. Kc5 Qc3+ 44. Kb6 Nc4+ 45. Kc7 Qe5+ 46. Kb7 Qxd5+ 47. Kb8 Qd8+ 48. Kb7 Nd6+ 49. Ka6 Qa8 50. Qd7 Qd5 51. Kb6 Nc4+ 52. Kc7 Qc5+ 53. Kb8 Nb6 54. Qc7 Qxf2 55. Kb7 Nd5 56. Qf7 Qb6+ 57. Kc8 Qc5+ 58. Kb8 Qd6+ 59. Kb7 Qb6+ 60. Kc8 Qc6+ 61. Kb8 Nb6 62. Qxf5+ Kg8 63. a8=R 0-1

[Event "FIDE World Cadets U8 2022"]
[Site "Batumi"]
[Date "2022.09.17"]
[Round "2.41"]
[White "Zheng, Lerui"]
[Black "Babeikin, Kiryl"]
[Result "1-0"]
[ECO "C42"]
[WhiteElo "1640"]
[BlackElo "1247"]
[Annotator "NA COMBH"]
[PlyCount "111"]
[EventDate "2022.09.16"]
[EventType "swiss"]
[EventCountry "GEO"]
[SourceTitle "playchess.com"]
[Source "ChessBase"]
[SourceQuality "1"]
[TimeControl "5400+30"]

1. e4 e5 2. Nf3 Nf6 3. Nxe5 d6 4. Nf3 Nxe4 5. d4 d5 6. Bd3 Be7 7. O-O Nc6 8. c4 O-O 9. Nc3 Nxc3 10. bxc3 Bg4 11. Bf4 Bd6 12. Bxd6 Qxd6 13. Bxh7+ Kxh7 14. Ng5+ Kg6 15. Qxg4 f5 16. Qf3 Kxg5 17. cxd5 Nd8 18. c4 Kf6 19. c5 Qd7 20. Rfe1 Kf7 21. d6 cxd6 22. Qd5+ Kg6 23. cxd6 Re8 24. h4 Nc6 25. Re3 Rxe3 26. fxe3 Re8 27. Rf1 Re4 28. h5+ Kg5 29. h6 gxh6 30. Qg8+ Kh5 31. Rf3 Rh4 32. Rg3 Rg4 33. Rh3+ Rh4 34. g4+ fxg4 35. Qd5+ Kg6 36. Rxh4 Kg7 37. Qh5 Qxd6 38. Rxg4+ Kf8 39. Qf5+ Ke8 40. Rg8+ Ke7 41. Qh7+ Ke6 42. Rg6+ Kd5 43. Qf7+ Ke4 44. Rxd6 Kxe3 45. Qf2+ Kd3 46. Rxc6 bxc6 47. Qf6 h5 48. Qxc6 h4 49. Qh6 a5 50. d5 a4 51. d6 a3 52. d7 h3 53. d8=Q+ Kc2 54. Qhd2+ Kb1 55. Q8d3+ Ka1 56. Qc1+ 1-0

[Event "FIDE World Cadets U8 2022"]
[Site "Batumi"]
[Date "2022.09.17"]
[Round "2.42"]
[White "Xing, Zeqi"]
[Black "Ling, Chenxuan"]
[Result "0-1"]
[ECO "D13"]
[WhiteElo "1256"]
[BlackElo "1601"]
[Annotator "NA COMBH"]
[PlyCount "85"]
[EventDate "2022.09.16"]
[EventType "swiss"]
[EventCountry "GEO"]
[SourceTitle "playchess.com"]
[Source "ChessBase"]
[SourceQuality "1"]
[TimeControl "5400+30"]

1. d4 d5 2. c4 c6 3. cxd5 cxd5 4. Nc3 Nf6 5. Bf4 Nc6 6. e3 a6 7. Nf3 Bf5 8. Ne5 e6 9. Qa4 Qb6 10. Nxc6 bxc6 11. Qb3 Qxb3 12. axb3 a5 13. f3 Bb4 14. g4 Bc2 15. Kf2 Bxc3 16. bxc3 Bxb3 17. Bd6 Kd7 18. Be5 a4 19. Ra3 Ne8 20. Bd3 f6 21. Bg3 Nd6 22. Bxd6 Kxd6 23. Rc1 c5 24. Bc2 c4 25. e4 Rab8 26. Ke3 h5 27. g5 fxg5 28. Bxb3 axb3 29. e5+ Kc6 30. Ra6+ Rb6 31. Ra7 Rb7 32. Rxb7 Kxb7 33. f4 gxf4+ 34. Kxf4 Rf8+ 35. Kg5 Rf2 36. h4 b2 37. Rb1 Kb6 38. Kxh5 Kb5 39. Kg6 Ka4 40. Rxb2 Rxb2 41. Kxg7 Kb3 42. Kf6 Kxc3 43. Kxe6 0-1

[Event "FIDE World Cadets U8 2022"]
[Site "Batumi"]
[Date "2022.09.17"]
[Round "2.43"]
[White "Xu, Ryan"]
[Black "Saqar Essa Khamis"]
[Result "1/2-1/2"]
[ECO "E01"]
[WhiteElo "1822"]
[BlackElo "1237"]
[Annotator "NA COMBH"]
[PlyCount "89"]
[EventDate "2022.09.16"]
[EventType "swiss"]
[EventCountry "GEO"]
[SourceTitle "playchess.com"]
[Source "ChessBase"]
[SourceQuality "1"]
[TimeControl "5400+30"]

1. d4 d5 2. c4 c6 3. Nf3 Nf6 4. g3 e6 5. Bg2 Bd6 6. O-O Nbd7 7. Nbd2 O-O 8. Qc2 Re8 9. e4 dxe4 10. Nxe4 Nxe4 11. Qxe4 e5 12. dxe5 Nxe5 13. Nxe5 Bxe5 14. Qc2 Qf6 15. Re1 Bf5 16. Be4 Bd4 17. Bg5 Qxg5 18. Bxf5 g6 19. Bh3 Qf6 20. Rxe8+ Rxe8 21. Rd1 Bxb2 22. Rd7 Re1+ 23. Bf1 Rc1 24. Qd2 Ra1 25. Rxb7 Bd4 26. Rd7 Bb6 27. Kg2 Rb1 28. c5 Bxc5 29. Bc4 Rb2 30. Rxf7 Rxd2 31. Rxf6+ Kg7 32. Rxc6 Rxf2+ 33. Kh3 Bb6 34. Rd6 Rc2 35. Rd7+ Kf6 36. Bb3 Rc7 37. Rxc7 Bxc7 38. Kg4 h6 39. Kf3 a5 40. Bc2 h5 41. h4 g5 42. hxg5+ Kxg5 43. Bd3 a4 44. a3 Bd6 45. Bb5 1/2-1/2

[Event "FIDE World Cadets U8 2022"]
[Site "Batumi"]
[Date "2022.09.17"]
[Round "2.44"]
[White "Sanikommu Jaideep Reddy"]
[Black "Ghoreishiamiri, SeyedKian"]
[Result "0-1"]
[ECO "D05"]
[WhiteElo "1239"]
[BlackElo "1583"]
[Annotator "NA COMBH"]
[PlyCount "88"]
[EventDate "2022.09.16"]
[EventType "swiss"]
[EventCountry "GEO"]
[SourceTitle "playchess.com"]
[Source "ChessBase"]
[SourceQuality "1"]
[TimeControl "5400+30"]

1. d4 Nf6 2. e3 e6 3. Nf3 d5 4. Nbd2 Bd6 5. Bd3 O-O 6. b3 b6 7. Bb2 Bb7 8. O-O Nbd7 9. Ne5 Ne4 10. f3 Nxd2 11. Qxd2 f6 12. Ng4 c5 13. f4 Rc8 14. Qf2 c4 15. Bxh7+ Kxh7 16. Qh4+ Kg6 17. Qg3 Kf7 18. Ne5+ Bxe5 19. fxe5 f5 20. Ba3 Rh8 21. Rf4 Rh5 22. h4 cxb3 23. cxb3 g5 24. Qf3 Kg6 25. g4 gxf4 26. gxh5+ Kh6 27. Qxf4+ Kxh5 28. Qf3+ Kh6 29. Qf4+ Kh7 30. Kh1 Qe8 31. Rg1 Qh5 32. Rg5 Qh6 33. Qg3 Ba6 34. Bd6 Be2 35. Qf2 Bg4 36. Kh2 Rc2 37. Qxc2 Qxh4+ 38. Kg1 Qxg5 39. Qc7 Qxe3+ 40. Kg2 Bf3+ 41. Kg3 Be4+ 42. Kh4 Qf4+ 43. Kh3 Qg4+ 44. Kh2 Qg2# 0-1

[Event "FIDE World Cadets U8 2022"]
[Site "Batumi"]
[Date "2022.09.17"]
[Round "2.45"]
[White "Modith Aaroh Mutyalapati"]
[Black "Zhauynbay, Alimzhan"]
[Result "1-0"]
[ECO "B31"]
[WhiteElo "1555"]
[BlackElo "1233"]
[Annotator "NA COMBH"]
[PlyCount "81"]
[EventDate "2022.09.16"]
[EventType "swiss"]
[EventCountry "GEO"]
[SourceTitle "playchess.com"]
[Source "ChessBase"]
[SourceQuality "1"]
[TimeControl "5400+30"]

1. e4 c5 2. Nf3 Nc6 3. Bb5 g6 4. Nc3 Bg7 5. O-O e6 6. Re1 Nge7 7. d3 a6 8. Bxc6 bxc6 9. Be3 d6 10. e5 Nd5 11. Ne4 Nxe3 12. fxe3 dxe5 13. Nxc5 O-O 14. d4 Qe7 15. c3 exd4 16. exd4 Rb8 17. Qc2 Rd8 18. Rad1 Qc7 19. b4 a5 20. a3 Ra8 21. Ne5 axb4 22. axb4 Bxe5 23. Rxe5 Ba6 24. Nb3 Rd5 25. Rxd5 cxd5 26. Ra1 Ra7 27. Ra5 Qf4 28. b5 Qe3+ 29. Kf1 Rc7 30. bxa6 Rxc3 31. Qxc3 Qxc3 32. a7 Qd3+ 33. Kf2 Qc2+ 34. Ke1 Qc3+ 35. Ke2 Qxb3 36. a8=Q+ Kg7 37. Qa6 Qc2+ 38. Kf1 Qd1+ 39. Kf2 Qxd4+ 40. Ke2 Qb2+ 41. Kd3 1-0